 Dungeon Crawl Stone Soup version 0.16.1-17-g773cdaf (webtiles) character file.

97 Maocescu the Cudgeler (level 4, -7/33 HPs)
             Began as a Demonspawn Skald on Apr 23, 2015.
             Mangled by EmilioHeskey's ghost (13 damage)
             ... on level 3 of the Dungeon.
             The game lasted 00:10:53 (2263 turns).

Maocescu the Cudgeler (Demonspawn Skald)            Turns: 2263, Time: 00:10:53

Health: -7/33      AC:  8    Str: 12    XL:     4   Next: 42%
Magic:  3/7        EV: 11    Int: 18    God:
Gold:   106        SH:  0    Dex: 12    Spells: 3 memorised, 2 levels left

rFire  . . .     SeeInvis .     a - +0 mace
rCold  . . .     Clarity  .     b - +0 leather armour
rNeg   . . .     SustAb   .     (no shield)
rPois  .         Gourm    .     h - +2 helmet {Int+3}
rElec  .         Spirit   .     (no cloak)
rCorr  .         Warding  .     (no gloves)
rMut   .         Stasis   .     (no boots)
MR     .....                    (no amulet)
Stlth  +.........               (no ring)
                                (no ring)

@: infused, singing, not resistant to hostile enchantments, very unstealthy
A: slimy green scales 1
a: Stop Singing


You were on level 3 of the Dungeon.
You were not hungry.

You visited 1 branch of the dungeon, and saw 3 of its levels.

You collected 106 gold pieces.

Inventory:

Hand weapons
 a - a +0 mace (weapon)
Armour
 b - a +0 leather armour (worn)
 h - a +2 helmet of intelligence (worn)
 j - a +0 robe
Scrolls
 e - a scroll of remove curse {unknown}
 g - 4 scrolls of identify {unknown}
 i - 2 scrolls of enchant armour {unknown}
 k - a scroll of noise {unknown}
 m - 3 scrolls of recharging {unknown}
 q - 3 scrolls of fog {unknown}
Potions
 o - a potion of restore abilities {unknown}
Books
 c - a book of Battle

   Spells                             Type                      Level
   a - Infusion                       Charms                       1
   b - Shroud of Golubria             Charms/Translocation         2
   c - Song of Slaying                Charms                       2
   d - Spectral Weapon                Hexes/Charms                 3
   e - Regeneration                   Charms/Necromancy            3
Comestibles
 d - a bread ration
 f - 3 beef jerkies
 l - 4 fruits
 n - a meat ration
 p - a chunk of flesh


   Skills:
 - Level 2.0 Fighting
 * Level 4.3 Maces & Flails
 - Level 0.8 Armour
 - Level 0.8 Dodging
 - Level 2.0 Spellcasting
 - Level 2.6 Charms


You had 2 spell levels left.
You knew the following spells:

 Your Spells              Type           Power        Failure   Level  Hunger
a - Infusion              Chrm           ##....       10%         1    #......
b - Shroud of Golubria    Chrm/Tloc      #.........   24%         2    ###....
c - Song of Slaying       Chrm           ##......     14%         2    ###....


Dungeon Overview and Level Annotations

Branches:
Dungeon (3/15)

Altars:

Annotations:
D:3 EmilioHeskey's ghost, experienced FoGl


Innate Abilities, Weirdness & Mutations

You are partially covered in slimy green scales (AC +2).


Message History

EmilioHeskey's ghost is lightly damaged.
EmilioHeskey's ghost hits you.
You barely miss EmilioHeskey's ghost. EmilioHeskey's ghost misses you.
EmilioHeskey's ghost hits you!
You hit EmilioHeskey's ghost.
EmilioHeskey's ghost is lightly damaged.
EmilioHeskey's ghost hits you.
You hit EmilioHeskey's ghost.
EmilioHeskey's ghost is lightly damaged.
EmilioHeskey's ghost says, "The earth shall destroy you!"
EmilioHeskey's ghost hits you but does no damage.
You hit EmilioHeskey's ghost.
EmilioHeskey's ghost is lightly damaged.
EmilioHeskey's ghost hits you but does no damage.
You hit EmilioHeskey's ghost.
EmilioHeskey's ghost is moderately damaged.
EmilioHeskey's ghost hits you!
* * * LOW HITPOINT WARNING * * *
EmilioHeskey's ghost hits you!
You die...

#.# #.# # #.#
#.#.#
#.#.#######
#.......W...
#.#######
#.W.....#
#..@....#
#.......#
#...........
..........#..
####..(....#
# #.......)(
#########


You could see EmilioHeskey's ghost.

Vanquished Creatures
  Jessica (D:2)
  2 adders (D:2)
  A worm (D:2)
  3 oozes
  2 giant cockroaches (D:1)
  7 hobgoblins
  6 jackals (D:1)
  4 bats
  2 giant newts
  12 goblins
  6 kobolds
  5 rats
51 creatures vanquished.

Notes
Turn   | Place    | Note
--------------------------------------------------------------
     0 | D:1      | Maocescu, the Demonspawn Skald, began the quest for the Orb.
     0 | D:1      | Reached XP level 1. HP: 16/16 MP: 3/3
   263 | D:1      | Gained mutation: You are partially covered in slimy green scales (AC +2). [demonic ancestry]
   263 | D:1      | Reached XP level 2. HP: 22/22 MP: 4/4
   477 | D:1      | Reached skill level 3 in Maces & Flails
   697 | D:1      | Reached XP level 3. HP: 27/27 MP: 6/6
  1222 | D:1      | Learned a level 2 spell: Shroud of Golubria
  1225 | D:1      | Learned a level 2 spell: Song of Slaying
  1557 | D:2      | Noticed Jessica
  1575 | D:2      | Killed Jessica
  1575 | D:2      | Reached skill level 4 in Maces & Flails
  1575 | D:2      | Reached XP level 4. HP: 6/33 MP: 0/7
  2247 | D:3      | Noticed EmilioHeskey's ghost (experienced FoGl)
  2263 | D:3      | Mangled by EmilioHeskey's ghost

Action                   |  1- 3 |  4- 6 || total
-------------------------+-------+-------++-------
Melee: Mace              |   131 |    56 ||   187
 Cast: Infusion          |     3 |     1 ||     4
       Shroud of Golubri |     2 |       ||     2
       Song of Slaying   |       |     1 ||     1
  Eat: Chunk             |     2 |     3 ||     5
